 Dungeon Crawl Stone Soup version 0.31-a0-986-g5e6e4ef867 (webtiles) character file.

Game seed: 3039360111000410714

138 timneilson the Ruffian (level 5, -1/34 HPs)
             Began as an Octopode Shapeshifter on Nov 15, 2023.
             Killed from afar by an orc wizard (8 damage)
             ... with a magic dart
             ... on level 4 of the Dungeon.
             The game lasted 00:03:46 (2832 turns).

timneilson the Ruffian (Octopode Shapeshifter)      Turns: 2832, Time: 00:03:47

Health: -1/34      AC:  5    Str: 16    XL:     5   Next: 21%
Magic:  6/6        EV: 13    Int: 12    God:
Gold:   208        SH:  0    Dex: 11    Spells: 6/6 levels left

rFire   . .          .
                       - Unarmed
rCold   . . .        (no shield)
rNeg    . . .        (helmet currently unavailable)
rPois   .            (no amulet)
rElec   .            n - +4 ring of protection
rCorr   .            (no ring)
SInv    .            (no ring)
Will    .....        (no ring)
Stlth   +++          (no ring)
HPRegen 0.25/turn    (no ring)
MPRegen 0.10/turn    (no ring)
                     (no ring)

%: no passive effects
@: beast-form
A: beast (slay +2), almost no armour, amphibious, 8 rings, camouflage 1,
gelatinous body 1, (nimble swimmer 1), tentacles
a: Begin Untransformation


You were on level 4 of the Dungeon.
You were a hulking beast.
You visited 2 branches of the dungeon, and saw 5 of its levels.

You collected 208 gold pieces.

Inventory:

Jewellery
 n - a +4 ring of protection (left tentacle)
Talismans
 b - a beast talisman
 c - a flux talisman
 j - a talisman of death
Wands
 f - a wand of flame (18)
Scrolls
 d - a scroll of amnesia {unknown}
 i - a scroll of enchant armour
 l - a scroll of identify
Potions
 a - 2 potions of lignification
 g - a potion of degeneration {unknown}
 h - 2 potions of attraction
 k - a potion of curing {unknown}


   Skills:
 * Level 2.0 Fighting
 * Level 2.7 Dodging
 + Level 1.9 Stealth
 * Level 3.7 Unarmed Combat
 + Level 1.2 Spellcasting
 + Level 0.5 Evocations
 * Level 3.5 Shapeshifting


You had 6 spell levels left.
You didn't know any spells.
Your spell library contained the following spells:

 Spells                   Type           Power      Damage    Failure   Level
 Ensorcelled Hibernation  Hex/Ice        0%         N/A       41%         2
 Jinxbite                 Hex            0%         N/A       41%         2
 Ozocubu's Armour         Ice            0%         N/A       65%         3
 Anguish                  Hex/Necr       0%         N/A       96%         4
 Ozocubu's Refrigeration  Ice            0%         4d7       100%        7


Dungeon Overview and Level Annotations

Branches:
Dungeon (4/15)             Temple (1/1) D:4

Altars:
Cheibriados
Dithmenos
Elyvilon
Fedhas
Hepliaklqana
Kikubaaqudgha
Makhleb
Okawaru
Ru
Sif Muna
Trog
Uskayaw
Wu Jian
Xom
Yredelemnul
Zin
The Shining One

Shops:
D:2 ((


Innate Abilities, Weirdness & Mutations

You are a hulking beast.
Your limbs bulge with bestial killing power. (Slay +2)
You cannot wear most types of armour.
You are amphibious.
You can wear up to eight rings at the same time.
Your skin changes colour to match your surroundings (Stealth+).
Your rubbery body absorbs attacks. (AC +1, EV +1)
((You are camouflaged when in or above water. (Stealth+)))
You have tentacles for arms and can constrict up to eight enemies at once.


Message History

You tentacle-slap the endoplasm.
You kill the endoplasm!
The orc closely misses you.
A magic dart appears from out of thin air!
The magic dart hits you.
* * * LOW HITPOINT WARNING * * *
You closely miss the orc. Your grab misses the orc.
The orc hits you but does no damage. The orc closely misses you.
You tentacle-slap something but do no damage.
The orc closely misses you. The orc misses you.
You hear some strange, mumbled words.
A magic dart appears from out of thin air!
The magic dart hits you.
* * * LOW HITPOINT WARNING * * *
You miss something. The orc closely misses you.
The orc hits you but does no damage. Something hits you.
* * * LOW HITPOINT WARNING * * *
Something freezes you.
* * * LOW HITPOINT WARNING * * *
You feel much better. The orc hits you with a +0 club.
The orc barely misses you. Something hits you but does no damage.
You barely miss something. You squeeze something.
The orc closely misses you. x2
You hear some strange, mumbled words.
A magic dart appears from out of thin air!
The magic dart hits you.
You tentacle-slap something. The orc hits you but does no damage.
The orc hits you with a +0 whip. Something hits you. Something freezes you.
You closely miss something. Your squeeze misses something.
The orc barely misses you. x2; Something hits you but does no damage.
You barely miss something. The orc barely misses you.
The orc hits you with a +0 whip.
* * * LOW HITPOINT WARNING * * *
You hear some strange, mumbled words.
A puff of flame appears from out of thin air!
The puff of flame misses you.
You barely miss something. The orc misses you. The orc barely misses you.
You hear some strange, mumbled words.
A magic dart appears from out of thin air!
The magic dart hits you!
You die...

##......... ~~# ##.#
#.......... ~~.# #..#
#.......... ....##..#
#.......... ......#
#.......... .....#
#.......... #...#
#.......... #.o##
###........ #h{##
##.#######
##o.#####..#
#..........#
.##.##...##..#
....##...##(.# #..
~~...........##....
~~~♣.....>...........
P~~..................
~~....##)..##........


You could see 2 orcs.

Vanquished Creatures
  An orc wizard (D:4)
  4 adders
  A worm (D:2)
  A dart slug (D:2)
  3 orcs
  4 bats
  6 endoplasms
  2 giant cockroaches (D:1)
  3 goblins
  9 hobgoblins
  8 quokkas
  A ball python (D:2)
  4 frilled lizards
  13 kobolds
  4 rats
64 creatures vanquished.

Notes
Turn   | Place    | Note
-------+----------+-------------------------------------------
     0 | D:1      | timneilson the Octopode Shapeshifter began the quest for
                  | the Orb.
     0 | D:1      | Reached XP level 1. HP: 13/13 MP: 1/1
   185 | D:1      | Reached XP level 2. HP: 17/18 MP: 2/2
   593 | D:1      | Reached skill level 1 in Stealth
   593 | D:1      | Reached XP level 3. HP: 20/23 MP: 3/3
   891 | D:2      | Found Selasiaw's Weapon Shoppe.
   952 | D:2      | Reached XP level 4. HP: 27/29 MP: 3/5
   984 | D:2      | Found Watiqony's Weapon Emporium.
  1172 | D:2      | Found Peazadaf's Weapon Shop.
  2016 | D:3      | Reached skill level 1 in Spellcasting
  2193 | D:3      | Found a faded altar of an unknown god.
  2720 | D:4      | Noticed a black bear
  2783 | D:4      | Found a staircase to the Ecumenical Temple.
  2790 | D:4      | Noticed an ogre
  2798 | Temple   | Entered the Ecumenical Temple
  2821 | D:4      | Reached XP level 5. HP: 14/34 MP: 6/6
  2832 | D:4      | Killed from afar by an orc wizard

Illustrated notes

Levels and vault maps discovered:
D:1:      minmay_arrival_wavy_path, layout_basic, minmay_indecisive_spiral
D:2:      layout_basic, serial_shops, shop, shop, nicolae_shop_scrapyard,
          kennysheep_generic_room_4
D:3:      layout_basic, basic_ecumenical_altar, nicolae_the_louvre
D:4:      lemuel_castle_with_subvaults [lemuel_castle_interior_original],
          layout_cave_pods, minmay_temple_entry_stoned_glass, serial_bayou,
          serial_bayou_ford_a, serial_bayou_lake_a, serial_bayou_shore_b,
          serial_bayou_pond_e, serial_bayou_shore_a, uniq_ijyb
Temple:   minmay_crystal_spiral_temple

Skill      XL: |  1  2  3  4 |
---------------+-------------+-----
Stealth        | 1 |  1.9
Spellcasting   | 1 |  1.2
Fighting       | 2 |  2.0
Dodging        | |  2.7
Unarmed Combat | |  3.7
Evocations     | |  0.5
Shapeshifting  | |  3.5

Action                     |  1- 3 |  4- 6 || total
---------------------------+-------+-------++-------
  Melee: Unarmed           |    51 |    73 ||   124
         Constrict         |    15 |    17 ||    32
         Tentacles         |    11 |    16 ||    27
         Punch             |       |     1 ||     1
    Use: Scroll            |     1 |     6 ||     7
         Potion            |       |     1 ||     1
   Stab: Sleeping          |     6 |     8 ||    14
         Distracted        |     1 |       ||     1
 Armour: Skin              |    17 |    51 ||    68
  Dodge: Dodged            |    25 |    40 ||    65

Table legend: (Time is in decaauts)
 A = Elapsed time spent in this place.
 B = Non-inter-level travel time spent in this place.
 C = Inter-level travel time spent in this place.
 D = Time resting spent in this place.
 E = Time spent auto-exploring this place.
 F = Levels seen in this place.
 G = Mean time per level.
                   A        B        C        D        E       F      G
               +--------+--------+--------+--------+--------+-----+--------+
         Total |   2823 |   2741 |     82 |      0 |   2280 |   5 |  564.6 |
       Dungeon |   2821 |   2739 |     82 |      0 |   2280 |   4 |  705.2 |
        Temple |      1 |      1 |      0 |      0 |      0 |   1 |    1.0 |
               +--------+--------+--------+--------+--------+-----+--------+

Top non-repeatable levels by time:
     D:2: 1021 daAuts
     D:3: 883 daAuts
     D:1: 836 daAuts
     D:4: 80 daAuts
  Temple: 1 daAuts
